 Dungeon Crawl Stone Soup version 0.25-a0-474-ga8a2ee3166 (webtiles) character file.

Game seed: 7353238703136991476, levelgen mode: deterministic

2775 MirrMurr the Nimble (level 9, -20/45 HPs)
             Began as a Spriggan Enchanter on Feb 8, 2020.
             Was a Priest of Okawaru.
             Killed from afar by Maurice (21 damage)
             ... with a bolt of acid
             ... on level 8 of the Dungeon.
             The game lasted 00:22:42 (9575 turns).

MirrMurr the Nimble (Spriggan Enchanter)            Turns: 9575, Time: 00:22:43

Health: -20/45     AC:  6    Str:  7    XL:     9   Next: 42%
Magic:  2/16       EV: 25    Int: 16    God:    Okawaru [***...]
Gold:   234        SH:  0    Dex: 17    Spells: 5/16 levels left

rFire    . . .     SeeInvis +   a - +2 dagger
rCold    . . .     Gourm    .   (shield restricted)
rNeg     . . .     Faith    .   b - +2 robe
rPois    .         Spirit   .   (helmet restricted)
rElec    .         Reflect  .   s - +1 cloak
rCorr    .         Harm     .   (gloves unavailable)
MR       +....                  (boots unavailable)
Stlth    ++++......             (no amulet)
HPRegen  0.15/turn              (no ring)
MPRegen  0.15/turn              (no ring)

@: confusing touch, very quick
A: very small, unfitting armour, see invisible, herbivore, speed 3, slow
metabolism 2
a: Heroism, Renounce Religion


You were on level 8 of the Dungeon.
You worshipped Okawaru.
Okawaru was most pleased with you.
You were not hungry.

You visited 2 branches of the dungeon, and saw 9 of its levels.

You collected 234 gold pieces.

Inventory:

Hand Weapons
 a - a +2 dagger (weapon)
 o - the +6 rapier of Overwhelming Force {pain, rF+ Int+7 Dex+4}
   (You found it on level 5 of the Dungeon)

   In the hands of one skilled in necromantic magic, it inflicts extra damage on
   living creatures.
   It affects your intelligence (+7).
   It affects your dexterity (+4).
   It protects you from fire.
Missiles
 e - 67 sling bullets
 f - 131 stones (quivered)
 k - 13 poisoned darts
 t - 2 throwing nets
 y - 2 boomerangs
Armour
 b - a +2 robe (worn)
 s - a +1 cloak (worn)
Jewellery
 B - an uncursed amulet of harm
Wands
 g - a wand of polymorph (8)
 p - a wand of digging (5)
 A - a wand of clouds (3)
 C - a wand of disintegration (5)
Scrolls
 n - 2 scrolls of fog
 r - 3 scrolls of remove curse
 u - 2 scrolls of teleportation
 v - a scroll of immolation
Potions
 d - a potion of flight
 h - a potion of brilliance
 i - a potion of heal wounds {unknown}
 j - a potion of mutation
 l - a potion of magic
 m - a potion of curing
 q - 2 potions of might
 w - a potion of lignification
 x - a potion of invisibility
 z - a potion of ambrosia
Comestibles
 c - 12 rations


   Skills:
 - Level 4.3 Fighting
 + Level 6.0 Short Blades
 + Level 9.2 Dodging
 + Level 9.2 Stealth
 - Level 4.0 Spellcasting
 - Level 8.3 Hexes


You had 5 spell levels left.
You knew the following spells:

 Your Spells              Type           Power        Failure   Level  Hunger
a - Ensorcelled Hibernat  Hex/Ice        ###...       4%          2    ##.....
b - Confusing Touch       Hex            ####....     1%          3    ###....
c - Tukima's Dance        Hex            ####....     1%          3    ###....
d - Dazzling Flash        Conj/Hex       ###...       9%          3    ###....

Your spell library contained the following spells:

 Spells                   Type           Power        Failure   Level  Hunger
 Corona                   Hex            ####...      1%          1    None
 Gell's Gravitas          Tloc           #.........   45%         3    ###....
 Metabolic Englaciation   Hex/Ice        ###.......   63%         5    ######.
 Yara's Violent Unravell  Hex/Tmut       ###.......   63%         5    ######.
 Petrify                  Tmut/Erth      #.......     86%         4    ####...


Dungeon Overview and Level Annotations

Branches:
Dungeon (8/15)             Temple (1/1) D:5
   Lair: D:8-11

Altars:
Fedhas
Hepliaklqana
Nemelex Xobeh
Okawaru
Qazlal
Sif Muna
Vehumet
Wu Jian
Zin

Shops:
D:4 }

Annotations:
D:5 2 transporters, zaran's ghost, novice HuWn
D:8 Maurice


Innate Abilities, Weirdness & Mutations

You are very small and have problems with some larger weapons.
You are too small for most types of armour.
You have supernaturally acute eyesight. (SInv)
You are a herbivore.
You cover ground extremely quickly.
You need to consume almost no food.


Message History

The black bear bites you!
* * * LOW HITPOINT WARNING * * *
The black bear misses you. x2
You hit the black bear but do no damage.
The black bear is almost dead.
The black bear bites you but does no damage.
The black bear claws you.
* * * LOW HITPOINT WARNING * * *
The black bear barely misses you.
The black bear rages.
The howler monkey hoots and howls with incredible vigour!
You hear a shout! x4; You hear a bellow! x2
The black bear bites you.
* * * LOW HITPOINT WARNING * * *
The black bear claws you but does no damage.
The black bear barely misses you.
The howler monkey hoots and howls with incredible vigour!
You hear a shout! x3
Maurice zaps a wand.
The bolt of acid hits you!!
You die...

.................# #
....>..........### ####
..............# #..#
..........>### #...
#...........# #...
#.....(...## ##.. #
##...((....## ##.
...#.###.....(.....### ##
......@..@.##..##....# #.
...####...##..####..## #.
#...h..#.####..###### ..
##..s...#..#.)...#..#)
#.##.......h†............
#.............>........#.
...................)....##
##.....................##
#......####..........##


You could see Maurice, a black bear (berserk), a scorpion and a howler monkey.

Vanquished Creatures
  A hornet (D:8)
  An orc warrior (D:7)
  A sky beast (D:6)
  2 ice beasts
  3 black bears
  3 ogres
  4 centaurs
  2 phantoms
  A bullfrog (D:8)
  5 killer bees (D:7)
  A bullfrog zombie (D:6)
  A quasit (D:6)
  A centaur zombie (D:5)
  2 hounds (D:4)
  3 jellies
  5 orc priests
  2 iguanas (D:6)
  2 worker ants
  Natasha (thrice) (D:4)
  5 orc wizards
  3 howler monkey skeletons (D:4)
  8 adders
  A shadow imp (D:5)
  An ooze (D:1)
  2 adder skeletons (D:4)
  7 worms
  5 dart slugs
  9 leopard geckos
  15 orcs
  4 goblins
  7 hobgoblins
  A jackal (D:4)
  10 kobolds
  3 quokkas (D:6)
  4 bats (D:1)
  7 frilled lizards
  A jackal skeleton (D:7)
  A leopard gecko skeleton (D:4)
  A quokka skeleton (D:7)
  5 rats
143 creatures vanquished.

Vanquished Creatures (collateral kills)
  An orc warrior (D:8)
1 creature vanquished.

Vanquished Creatures (others)
  A killer bee (D:7)
  An orc (D:8)
2 creatures vanquished.

Grand Total: 146 creatures vanquished

Notes
Turn   | Place    | Note
-------+----------+-------------------------------------------
     0 | D:1      | MirrMurr the Spriggan Enchanter began the quest for the
                  | Orb.
     0 | D:1      | Reached XP level 1. HP: 9/9 MP: 5/5
   108 | D:1      | Reached XP level 2. HP: 8/13 MP: 4/6
   112 | D:1      | Learned a level 2 spell: Ensorcelled Hibernation
   257 | D:1      | Reached skill level 5 in Stealth
  1283 | D:1      | Reached XP level 3. HP: 16/16 MP: 8/8
  1288 | D:1      | Learned a level 3 spell: Confusing Touch
  1560 | D:1      | Found a shimmering blue altar of Sif Muna.
  2482 | D:2      | Reached XP level 4. HP: 21/21 MP: 9/9
  2544 | D:2      | Found a radiant altar of Vehumet.
  3494 | D:3      | Reached XP level 5. HP: 23/24 MP: 7/10
  3499 | D:3      | Learned a level 3 spell: Tukima's Dance
  3910 | D:4      | Noticed Natasha
  4141 | D:4      | Found Fynuepun's Gadget Emporium.
  4164 | D:4      | Killed Natasha
  4197 | D:4      | Noticed a phantom
  4235 | D:4      | Killed a phantom
  4235 | D:4      | Reached XP level 6. HP: 20/28 MP: 2/11
  4676 | D:4      | Reached skill level 5 in Short Blades
  4725 | D:4      | Noticed Natasha
  4990 | D:4      | Killed Natasha
  5014 | D:4      | Noticed Natasha
  5205 | D:4      | Killed Natasha
  5403 | D:4      | Reached skill level 5 in Hexes
  5403 | D:4      | Reached XP level 7. HP: 31/32 MP: 9/13
  5466 | D:4      | Found a blossoming altar of Fedhas.
  5466 | D:4      | Found a glowing silver altar of Zin.
  5469 | D:4      | Found an iron altar of Okawaru.
  5471 | D:4      | Found a stormy altar of Qazlal.
  5472 | D:4      | Found a hazy altar of Hepliaklqana.
  5475 | D:4      | Became a worshipper of Warmaster Okawaru
  5529 | D:4      | Found a stormy altar of Qazlal.
  5586 | D:4      | Found a sparkling altar of Nemelex Xobeh.
  5784 | D:5      | Entered Level 5 of the Dungeon
  5809 | D:5      | Learned a level 3 spell: Dazzling Flash
  5955 | D:5      | Found a staircase to the Ecumenical Temple.
  5961 | Temple   | Entered the Ecumenical Temple
  6083 | D:5      | Found a transporter.
  6108 | D:5      | Got an ancient rapier
  6109 | D:5      | Identified the +6 rapier of Overwhelming Force {pain, rF+
                  | Int+7 Dex+4} (You found it on level 5 of the Dungeon)
  6155 | D:5      | Found a transporter.
  6171 | D:5      | Noticed zaran's ghost (novice HuWn)
  7009 | D:6      | Found an ornate altar of the Wu Jian Council.
  7264 | D:6      | Reached * piety under Okawaru
  7264 | D:6      | Reached XP level 8. HP: 36/36 MP: 15/15
  7478 | D:6      | Reached skill level 1 in Fighting
  7858 | D:7      | Reached skill level 5 in Dodging
  7997 | D:7      | Reached ** piety under Okawaru
  8479 | D:8      | Noticed a hornet
  8496 | D:8      | Reached XP level 9. HP: 40/45 MP: 6/16
  8514 | D:8      | Reached *** piety under Okawaru
  8831 | D:8      | Noticed Maurice
  9573 | D:8      | HP: 1/45 [black bear (5)]
  9575 | D:8      | Killed from afar by Maurice

Levels and vault maps discovered:
D:1:      dpeg_arrival_water_altar, layout_basic
D:2:      layout_loops_ring, lemuel_round_altar, first_ration,
          kennysheep_generic_room_13
D:3:      layout_basic
D:4:      minmay_chambers_of_fours, layout_cave_pools, minitemple,
          kennysheep_mini_moat, serial_shops,
          nicolae_shop_competitors_out_of_business,
          nicolae_qazlal_eye_of_the_storm, uniq_natasha
D:5:      layout_basic, minmay_temple_entry_grid, gammafunk_ghost_arena
D:6:      layout_basic, lemuel_round_altar
D:7:      layout_basic, grunt_ogre_cave
D:8:      layout_cave_pools, trog_ov_bears_minmay, uniq_maurice
Temple:   nicolae_temple_god_jail

Skill      XL: |  1  2  3  4  5  6  7  8  9 |
---------------+----------------------------+-----
Stealth        | 5 6 7 8 9 |  9.2
Short Blades   | 2 3 4 5 6 |  6.0
Hexes          | 5 8 |  8.3
Spellcasting   | 3 4 |  4.0
Fighting       | 3 4 |  4.3
Dodging        | 7 9 |  9.2

Action                   |  1- 3 |  4- 6 |  7- 9 || total
-------------------------+-------+-------+-------++-------
Melee: Dagger            |   115 |   149 |   256 ||   520
 Cast: Corona            |     1 |       |       ||     1
       Ensorcelled Hiber |    20 |    48 |    60 ||   128
       Confusing Touch   |       |     3 |    11 ||    14
       Tukima's Dance    |       |       |     1 ||     1
  Use: Scroll            |     2 |     3 |    18 ||    23
 Stab: Sleeping          |    25 |    34 |    40 ||    99
       Confused          |       |     3 |     9 ||    12
       Distracted        |       |     1 |     1 ||     2
  Eat: Ration            |       |     3 |     4 ||     7
Armor: Robe              |    13 |    14 |    40 ||    67
Dodge: Dodged            |    84 |   100 |   296 ||   480

Table legend:
 A = Non-vault XP
 B = Vault XP
 C = Vault XP percentage of total XP
 D = Non-vault monster count
 E = Vault monster count
 F = Vault count percentage of total count
                 A         B        C        D         E       F
            +---------+---------+-------+---------+---------+-------
      Total |    3502 |     463 |  11.7 |     137 |       8 |   5.5
            +---------+---------+-------+---------+---------+-------
        D:1 |      48 |       0 |   0.0 |      25 |       0 |   0.0
        D:2 |      64 |       0 |   0.0 |      14 |       0 |   0.0
        D:3 |     115 |       0 |   0.0 |      23 |       0 |   0.0
        D:4 |     467 |     122 |  20.7 |      21 |       5 |  19.2
        D:5 |      58 |       0 |   0.0 |       3 |       0 |   0.0
        D:6 |     806 |       0 |   0.0 |      14 |       0 |   0.0
        D:7 |     885 |     121 |  12.0 |      17 |       1 |   5.6
        D:8 |    1059 |     220 |  17.2 |      20 |       2 |   9.1
            +---------+---------+-------+---------+---------+-------
